 Dungeon Crawl Stone Soup version 0.29-a0-284-gf9362112df (webtiles) character file.

Game seed: 6977772535533268814

93 Dabor the Ducker (level 4, 0/34 HPs)
             Began as a Demonspawn Gladiator on Mar 14, 2022.
             Slain by an orc wizard
             ... wielding a +0 dagger
              (3 damage)
             ... on level 3 of the Dungeon.
             The game lasted 00:02:43 (2269 turns).

Dabor the Ducker (Demonspawn Gladiator)             Turns: 2269, Time: 00:02:44

Health: 0/34       AC:  4    Str: 16    XL:     4   Next: 36%
Magic:  4/4        EV: 12    Int: 10    God:
Gold:   119        SH:  4    Dex: 14    Spells: 3/3 levels left

rFire   . . .      SeeInvis .   t - +2 dagger (freeze)
rCold   . . .      Faith    .   (no shield)
rNeg    . . .      Spirit   .   b - +0 leather armour
rPois   .          Reflect  .   c - +0 helmet
rElec   .          Harm     .   (no cloak)
rCorr   .          Rampage  .   (no gloves)
Will    .....                   (no boots)
Stlth   ++........              (no amulet)
HPRegen 0.11/turn               (no ring)
MPRegen 0.09/turn               (no ring)

@: no status effects
A: hooves 1, large bone plates 1
a: no special abilities


You were on level 3 of the Dungeon.
You visited 1 branch of the dungeon, and saw 3 of its levels.

You collected 119 gold pieces.

Inventory:

Hand Weapons
 a - a +0 long sword
 t - a +2 dagger of freezing (weapon)
Missiles
 d - 3 throwing nets (quivered)
 e - a javelin
 o - 10 poisoned darts
Armour
 b - a +0 leather armour (worn)
 c - a +0 helmet (worn)
 h - a +0 chain mail
Jewellery
 m - an amulet of regeneration
 u - a ring of ice
Scrolls
 f - 4 scrolls of identify {unknown}
 g - 3 scrolls of blinking {unknown}
 i - a scroll of vulnerability {unknown}
 j - a scroll of immolation {unknown}
 l - 2 scrolls of enchant weapon {unknown}
 q - a scroll of teleportation {unknown}
Potions
 k - a potion of heal wounds {unknown}
 n - a potion of ambrosia {unknown}
 p - a potion of curing
 r - a potion of cancellation {unknown}
 s - a potion of mutation {unknown}


   Skills:
 + Level 2.6 Fighting
 + Level 3.1 Long Blades
 + Level 2.4 Throwing
 + Level 1.0 Armour
 + Level 3.1 Dodging
 + Level 1.3 Stealth


You had 3 spell levels left.
You didn't know any spells.
Your spell library contained the following spells:

 Spells                   Type           Power      Damage    Failure   Level
 Blink                    Tloc           0%         N/A       56%         2
 Lesser Beckoning         Tloc           0%         N/A       80%         3
 Tukima's Dance           Hex            0%         N/A       80%         3
 Passage of Golubria      Tloc           0%         N/A       99%         4
 Manifold Assault         Tloc           0%         N/A       100%        5
 Yara's Violent Unravell  Hex/Tmut       0%         3d3       100%        5


Dungeon Overview and Level Annotations

Branches:
Dungeon (3/15)

Altars:


Innate Abilities, Weirdness & Mutations

You have large cloven feet.
You are partially covered in large bone plates. (SH +4)


Message History

You hit the orc. You freeze the orc.
You kill the orc!
An orc comes into view. It is wielding a +0 whip.
You hit the orc. You freeze the orc. You kick the orc.
You kill the orc!
An orc wizard comes into view. It is wielding a +0 dagger.
You hit the orc. You freeze the orc.
The orc is moderately wounded.
The orc hits you with a +0 whip.
* * * LOW HITPOINT WARNING * * *
The orc wizard gestures wildly while chanting.
The orc wizard flickers and vanishes!
Deactivating autopickup; reactivate with Ctrl-A.
You hit the orc. You freeze the orc.
The orc is severely wounded.
The orc barely misses you.
You barely miss the orc. Your kick misses the orc.
The orc is severely wounded.
The orc barely misses you.
You hit the orc but do no damage.
The orc is severely wounded.
You hit the orc. You freeze the orc.
You kill the orc!
You hear some strange, mumbled words.
You are confused.
Items here: )) [ ††.
You bump into the rock wall.
You hit something. You freeze something. Your kick misses something.
Something hits you but does no damage.
You miss something.
You hear some strange, mumbled words.
A magic dart appears from out of thin air!
The magic dart hits you.
* * * LOW HITPOINT WARNING * * *
You bump into the rock wall.
Something hits you but does no damage.
You're too confused to move!
Something hits you but does no damage.
You completely miss something. Your kick misses something.
You feel less confused. Something hits you.
You die...

#......#
##....##
#....#
#....#
###....###
#........#
#.##.###.#
#)##.###.#
#.@{.....##
####<#....#
###.#..#
###o#..#
#......##
#.#l....+
#......##
###'####
#...o....l..


There were no monsters in sight!

Vanquished Creatures
  An orc wizard (D:3)
  2 adders (D:2)
  5 orcs (D:3)
  4 bats
  5 endoplasms
  A giant cockroach (D:2)
  4 hobgoblins
  4 jackals (D:1)
  A kobold (D:2)
  7 ball pythons
  3 frilled lizards
  6 rats
43 creatures vanquished.

Notes
Turn   | Place    | Note
-------+----------+-------------------------------------------
     0 | D:1      | Dabor the Demonspawn Gladiator began the quest for the Orb.
     0 | D:1      | Reached XP level 1. HP: 16/16 MP: 1/1
   294 | D:1      | Gained mutation: You are partially covered in large bone
                  | plates. (SH +4) [demonic ancestry]
   294 | D:1      | Reached XP level 2. HP: 19/22 MP: 2/2
  1142 | D:2      | Gained mutation: You have large cloven feet. [demonic
                  | ancestry]
  1142 | D:2      | Reached XP level 3. HP: 21/27 MP: 3/3
  1287 | D:2      | Reached skill level 1 in Stealth
  2245 | D:3      | Reached XP level 4. HP: 14/34 MP: 4/4
  2252 | D:3      | Reached skill level 1 in Armour
  2269 | D:3      | Slain by an orc wizard

Illustrated notes

Levels and vault maps discovered:
D:1:      wander_arrival_peaceful_grave, layout_loops_cross
D:2:      layout_loops_ring
D:3:      layout_basic, nemelex_diamond_rough_becter

Skill      XL: |  1  2  3  4 |
---------------+-------------+-----
Throwing       | 2 |  2.4
Dodging        | 3 |  3.1
Long Blades    | 3 |  3.1
Stealth        | 1 |  1.3
Armour         | 1 |  1.0
Fighting       | |  2.6

Action                   |  1- 3 |  4- 6 || total
-------------------------+-------+-------++-------
Melee: Long sword        |    91 |       ||    91
       Dagger            |    16 |    13 ||    29
       Kick              |     9 |     2 ||    11
  Use: Potion            |     1 |       ||     1
 Stab: Sleeping          |     2 |       ||     2
Armor: Leather armour    |    32 |     3 ||    35
       Chain mail        |     2 |       ||     2
Dodge: Dodged            |    73 |     5 ||    78
Block: Other             |    16 |       ||    16

Table legend: (Time is in decaauts)
 A = Elapsed time spent in this place.
 B = Non-inter-level travel time spent in this place.
 C = Inter-level travel time spent in this place.
 D = Time resting spent in this place.
 E = Time spent auto-exploring this place.
 F = Levels seen in this place.
 G = Mean time per level.
                   A        B        C        D        E       F      G
               +--------+--------+--------+--------+--------+-----+--------+
         Total |   2289 |   2159 |    130 |    212 |   1616 |   3 |  763.0 |
       Dungeon |   2289 |   2159 |    130 |    212 |   1616 |   3 |  763.0 |
               +--------+--------+--------+--------+--------+-----+--------+

Top non-repeatable levels by time:
     D:2: 1222 daAuts
     D:1: 987 daAuts
     D:3: 79 daAuts
